 Dungeon Crawl Stone Soup version 0.27-a0-1200-g94dc6ad4cf (webtiles) character file.

Game seed: 6182504597654427729

690 lightspider the Skirmisher (level 7, -9/62 HPs)
             Began as a Hill Orc Fighter on June 1, 2021.
             Was an Initiate of Beogh.
             Mangled by Sigmund
             ... wielding a +0 scythe
              (10 damage)
             ... on level 4 of the Dungeon.
             The game lasted 00:12:54 (4230 turns).

lightspider the Skirmisher (Hill Orc Fighter)       Turns: 4230, Time: 00:12:55

Health: -9/62      AC:  3    Str: 20 (21) XL:     7   Next: 63%
Magic:  7/7        EV:  4    Int:  5 (8)  God:    Beogh [......]
Gold:   105        SH:  9    Dex:  7 (10) Spells: 6/6 levels left

rFire    + . .     SeeInvis .   a - +0 long sword (elec)
rCold    + . .     Faith    .   c - +0 kite shield
rNeg     . . .     Spirit   .   b - +0 scale mail
rPois    +         Reflect  .   (no helmet)
rElec    +         Harm     .   (no cloak)
rCorr    +         Rampage  .   (no gloves)
Will     +....                  (no boots)
Stlth    ..........             (no amulet)
HPRegen  0.20/turn              f - ring of willpower
MPRegen  0.10/turn              (no ring)

@: brilliant, resistant, corroded, flying, hasted, constricted, very quick
A: no striking features
a: Renounce Religion


You were on level 4 of the Dungeon.
You worshipped Beogh.
Beogh was noncommittal.
You visited 1 branch of the dungeon, and saw 4 of its levels.

You collected 105 gold pieces.

Inventory:

Hand Weapons
 a - a +0 long sword of electrocution (weapon)
Missiles
 j - a poisoned dart (quivered)
Armour
 b - a +0 scale mail (worn)
 c - a +0 kite shield (worn)
 i - a +0 ring mail
Jewellery
 f - a ring of willpower (left hand)
 h - a ring of fire
 n - a +4 ring of evasion
Wands
 m - a wand of polymorph (6)
Potions
 o - a potion of haste


   Skills:
 + Level 5.9 Fighting
 + Level 4.7 Long Blades
 + Level 1.8 Throwing
 + Level 5.3 Armour
 + Level 5.3 Shields


You had 6 spell levels left.
You didn't know any spells.
Your spell library was empty.

Dungeon Overview and Level Annotations

Branches:
Dungeon (4/15)
 Temple: D:4-7

Altars:
Cheibriados

Shops:
D:1 *   D:4 (

Annotations:
D:4 Sigmund


Message History

You hit the jelly.
Your hands burn!
* * * LOW HITPOINT WARNING * * *
The jelly is heavily wounded.
The jelly hits you.
* * * LOW HITPOINT WARNING * * *
You are splashed with acid.
You resist.
* * * LOW HITPOINT WARNING * * *
Throw: 2 darts (poison)
Press: ? - help, Q - select action, (/) - cycle Shift-Dir - straight line, f/p - jackal
Aim: a jackal (50% to hit)
You throw a poisoned dart. The poisoned dart hits the jelly.
The jelly is heavily wounded.
The jelly hits you.
* * * LOW HITPOINT WARNING * * *
You are splashed with acid.
You resist.
* * * LOW HITPOINT WARNING * * *
It was a potion of flight.
You feel very buoyant.
You fly up into the air.
You block the jelly's attack.
It was a potion of magic.
Magic courses through your body. The jelly hits you.
* * * LOW HITPOINT WARNING * * *
You are splashed with acid.
You resist.
* * * LOW HITPOINT WARNING * * *
It was a potion of degeneration.
There was something very wrong with that liquid.
You feel weakened.
You feel dopey.
You feel clumsy.
You kill the jelly!
Beogh accepts your kill.
It was a potion of haste.
You feel yourself speed up. The ball python bites you.
* * * LOW HITPOINT WARNING * * *
The ball python grabs you.
* * * LOW HITPOINT WARNING * * *
The ball python constricts you. You block something's attack.
It was a potion of brilliance.
You feel clever all of a sudden.
The ball python bites you but does no damage.
* * * LOW HITPOINT WARNING * * *
The ball python constricts you. Something hits you!
You die...

########
#(....w#######
#..F.(zhn[Jh.#
#F.####'####.#
#.^#B#^.#.# #
##^#g#^##.# #.
#.^#(#^.#.# #.#
##^#S#^##.#
#...#.^#@#^.#.#
....####'####.#
#....#.#...h#
#....###...##
#.#..†....##
#.#..###..#
#......#.#######
####...........#
#......)....#


You could see a necrophage, a wight, a dart slug, a jackal, a giant cockroach, a
goblin and a ball python.

Vanquished Creatures
  A sky beast (D:2)
  A centaur (D:4)
  A phantom (D:4)
  A bullfrog (D:4)
  A scorpion (D:4)
  A jelly (D:4)
  An orc priest (D:4)
  Jessica (D:3)
  Ijyb (D:3)
  A hound skeleton (D:4)
  3 gnolls (D:4)
  7 adders
  5 dart slugs
  10 orcs
  6 bats
  3 endoplasms
  2 giant cockroaches
  8 goblins
  4 hobgoblins
  11 jackals
  2 quokkas (D:3)
  5 ball pythons
  4 frilled lizards
  5 kobolds
  6 rats
91 creatures vanquished.

Vanquished Creatures (others)
  An orc priest (D:4)
  A hound (D:4)
  2 orcs (D:4)
4 creatures vanquished.

Grand Total: 95 creatures vanquished

Notes
Turn   | Place    | Note
-------+----------+-------------------------------------------
     0 | D:1      | lightspider the Hill Orc Fighter began the quest for the
                  | Orb.
     0 | D:1      | Reached XP level 1. HP: 19/19 MP: 1/1
    72 | D:1      | Found Dosalal's General Store.
   175 | D:1      | Reached XP level 2. HP: 25/27 MP: 2/2
   692 | D:1      | Found a faded altar of an unknown god.
  1011 | D:2      | Reached XP level 3. HP: 31/33 MP: 3/3
  1506 | D:2      | Reached XP level 4. HP: 40/40 MP: 4/4
  1655 | D:3      | Noticed a sky beast
  1687 | D:2      | Killed a sky beast
  1688 | D:2      | Reached XP level 5. HP: 13/47 MP: 5/5
  1949 | D:3      | Noticed Ijyb
  1961 | D:3      | Killed Ijyb
  2647 | D:2      | Reached skill level 5 in Fighting
  2652 | D:2      | Reached XP level 6. HP: 35/56 MP: 6/6
  3076 | D:3      | Found a snail-covered altar of Cheibriados.
  3403 | D:3      | Noticed Jessica
  3409 | D:3      | Killed Jessica
  3539 | D:4      | Became a worshipper of Beogh the Brigand
  3756 | D:4      | Found Enirphik's Weapon Shop.
  3782 | D:4      | Reached skill level 1 in Throwing
  3845 | D:4      | Reached skill level 5 in Armour
  3845 | D:4      | Reached skill level 5 in Shields
  3845 | D:4      | Reached XP level 7. HP: 27/61 MP: 7/7
  4196 | D:4      | Noticed Sigmund
  4227 | D:4      | HP: 3/62 [acid (3)]
  4230 | D:4      | HP: 1/62 [ball python (1)]
  4230 | D:4      | Mangled by Sigmund

Illustrated notes

Levels and vault maps discovered:
D:1:      elethiomel_arrival_maze, layout_loops_cross, serial_shops, shop,
          shapermc_ecumenical_altar_mp_urbaneastern
D:2:      layout_basic, kennysheep_cluttered_room, feat_on_display
D:3:      layout_rooms, nicolae_overflow_crystal_walls, corner_web_ring,
          uniq_jessica, uniq_ijyb
D:4:      layout_loops_ring, serial_shops, nicolae_shop_stone, grunt_tough_drop,
          uniq_sigmund

Skill      XL: |  1  2  3  4  5  6 |
---------------+-------------------+-----
Fighting       | 4 5 |  5.9
Long Blades    | 3 4 |  4.7
Armour         | 4 5 |  5.3
Shields        | 4 5 |  5.3
Throwing       | 1 |  1.8

Action                   |  1- 3 |  4- 6 |  7- 9 || total
-------------------------+-------+-------+-------++-------
Melee: Long sword        |    96 |   182 |    35 ||   313
       Unarmed           |       |     7 |       ||     7
Throw: Dart              |       |     4 |    13 ||    17
Invok: Convert to Beogh  |       |     1 |       ||     1
  Use: Potion            |       |     1 |     6 ||     7
       Scroll            |       |     6 |     2 ||     8
 Stab: Confused          |       |     1 |       ||     1
Armor: Scale mail        |    49 |    99 |    17 ||   165
       Skin              |       |     1 |       ||     1
Dodge: Dodged            |    33 |    75 |     9 ||   117
Block: Kite shield       |    47 |   115 |    31 ||   193
       Rpst.: Long sword |    13 |    22 |       ||    35

Table legend: (Time is in decaauts)
 A = Elapsed time spent in this place.
 B = Non-inter-level travel time spent in this place.
 C = Inter-level travel time spent in this place.
 D = Time resting spent in this place.
 E = Time spent auto-exploring this place.
 F = Levels seen in this place.
 G = Mean time per level.
                   A        B        C        D        E       F      G
               +--------+--------+--------+--------+--------+-----+--------+
         Total |   4375 |   4333 |     42 |   1713 |   1597 |   4 | 1093.8 |
       Dungeon |   4375 |   4333 |     42 |   1713 |   1597 |   4 | 1093.8 |
               +--------+--------+--------+--------+--------+-----+--------+

Top non-repeatable levels by time:
     D:2: 1580 daAuts
     D:3: 1028 daAuts
     D:1: 1027 daAuts
     D:4: 739 daAuts
